Cogmind - Beta 14 @@@ ROGUE MODE // 2024.11.21 @ 12:11:47 Player: Prominous Vale Result: Destroyed by C-17 Slicer with Blade Saw Performance ------------- Evolutions (2) 1000 Regions Visited (5) 1000 Robots Destroyed (27) 135 Value Destroyed (692) 692 Prototype IDs (2) 40 Alien Tech Used (0) 0 Bonus (0) 0 TOTAL SCORE: 2867 Bonus ------- None Cogmind --------- Core Integrity 0/550 Matter 82/300 Energy 81/100 System Corruption 4% Temperature Cool (0) Movement Flying (75) Ox1 Location -8/Materials Parts ------- > --- POWER (2) -------- (None) > --- PROPULSION (2) --- Surge Thruster > --- UTILITY (4) ------ Structural Scanner Targeting Computer > --- WEAPON (3) ------- Great Maul > --- INVENTORY (5) ---- Wheel Surge Thruster Surge Thruster Peak State ------------ > --- POWER ------------ Deuterium Engine Light Deuterium Engine > --- PROPULSION ------- Wheel Wheel > --- UTILITY ---------- Structural Scanner Improved Sensor Array Seismic Detector Targeting Computer > --- WEAPON ----------- Light Assault Rifle Grenade Launcher Mini Grenade Launcher > --- INVENTORY -------- Light Deuterium Engine Light Nuclear Core Disposable Heat Sink Mini Grenade Launcher Mini Grenade Launcher [Rating: 19] Favorites ----------- Power Ion Engine Engine Ion Engine Power Core Light Nuclear Core Propulsion Wheel Treads Light Treads Wheel Wheel Flight Unit Surge Thruster Utility Targeting Computer Device Structural Scanner Processor Targeting Computer Weapon Grenade Launcher Energy Gun Small Laser Ballistic Gun Light Assault Rifle Launcher Grenade Launcher Special Weapon Welding Torch Impact Weapon Great Maul Slashing Weapon Katana Build | -11 -10 -10 -9 -9 -8 ------- Run | Yrd Mat Min Mat Min Mat Slots Evolved 4 | . . . 2 . 2 Power 1 | . . . . . 1 Propulsion . | . . . . . . Utility 2 | . . . 1 . 1 Weapon 1 | . . . 1 . . Parts Attached 39 | 11 . 9 4 . 15 Power 6 | 1 . . . . 5 Engine 4 | 1 . . . . 3 Core 2 | . . . . . 2 Reactor . | . . . . . . Propulsion 10 | 5 . 1 1 . 3 Treads 2 | 2 . . . . . Leg . | . . . . . . Wheel 6 | 3 . 1 1 . 1 Hover . | . . . . . . Flight 2 | . . . . . 2 Utility 7 | 2 . 3 1 . 1 Device 5 | 2 . 1 1 . 1 Storage . | . . . . . . Processor 2 | . . 2 . . . Hackware . | . . . . . . Protection . | . . . . . . Artifact . | . . . . . . Weapon 16 | 3 . 5 2 . 6 Energy Gun 3 | 2 . 1 . . . Energy Cannon . | . . . . . . Ballistic Gun 2 | 1 . . 1 . . Ballistic Cannon . | . . . . . . Launcher 7 | . . 2 1 . 4 Special Weapon 2 | . . 2 . . . Impact Weapon 1 | . . . . . 1 Slashing Weapon 1 | . . . . . 1 Piercing Weapon . | . . . . . . Special Melee Weapon . | . . . . . . Unidentified Prototypes . | . . . . . . Parts Lost 21 | . 1 4 1 . 15 Power 4 | . . . . . 4 Propulsion 5 | . 1 1 . . 3 Utility 3 | . . 1 . . 2 Weapon 9 | . . 2 1 . 6 Highest Loss Streak 7 | . 1 4 1 . 7 To Critical Strikes . | . . . . . . Average Slot Usage (%) 73 | . 89 78 78 100 65 Engine 8 | . 14 14 11 11 5 Core 3 | . . . . . 6 Wheel 12 | . 18 9 13 22 10 Device 17 | . 28 20 12 22 15 Processor 7 | . . 7 11 11 9 Energy Gun 5 | . 28 8 6 . . Ballistic Gun 2 | . . . 3 11 3 Launcher 10 | . . 12 20 22 9 Special Weapon 1 | . . 6 . . . Slashing Weapon 2 | . . . . . 5 Peak Build Rating 19 | 9 9 8 11 11 19 Average Rating 10 | 8 8 7 7 11 12 On Entrance 7 | . 9 8 6 11 11 Naked Turns . | . . . . . . Heaviest Build 24 | 10 10 11 14 14 24 Greatest Support 40 | 40 20 10 20 20 20 Greatest Overweight (x) 4 | . . 3 1 . 4 Average Overweight (x) . | . . 1 . . . Largest Inventory Capacity 5 | 5 5 5 5 5 5 Average Capacity 5 | 5 5 5 5 5 5 Most Carried 5 | 4 5 5 4 3 5 Average Carried 2 | 1 3 4 3 3 2 Final Capacity 5 | 5 5 5 5 5 5 Final Carried 5 | 1 5 4 3 3 3 Class Distribution -------------------- 76% | Mutant 20% | Scavenger-Skirmisher Dominant Class ---------------- Mutant | -10/Materials Mutant | -10/Mines Gunner | -9/Materials Scavenger-Skirmisher | -9/Mines Mutant | -8/Materials Resources | -11 -10 -10 -9 -9 -8 ----------- Run | Yrd Mat Min Mat Min Mat Matter Collected 787 | 298 7 59 . . 423 Remotely . | . . . . . . Salvage Created 525 | 78 89 97 16 . 245 Parts 44 | 7 6 13 3 . 15 Haulers Intercepted 1 | . . . . . 1 Recyclers Shooed 2 | 1 1 . . . . Parts Field Recycled . | . . . . . . Retrieved Matter . | . . . . . . Parts Self-Destructed . | . . . . . . Prevented . | . . . . . . Kills | -11 -10 -10 -9 -9 -8 ------- Run | Yrd Mat Min Mat Min Mat Combat Hostiles Destroyed 19 | . 2 7 1 . 9 Melee 3 | . . . . . 3 Guns 8 | . 2 5 . . 1 AOE 8 | . . 2 1 . 5 Classes Destroyed 14 | 2 1 3 1 . 7 Builder 4 | . . 2 1 . 1 Tunneler 1 | 1 . . . . . Hauler 1 | . . . . . 1 Recycler 1 | 1 . . . . . Mechanic 1 | . . . . . 1 Operator 1 | . . . . . 1 Watcher 1 | . . . . . 1 Swarmer 5 | . . 5 . . . Cutter 3 | . . . . . 3 Grunt 3 | . 2 . . . 1 Sentry 3 | . . . 1 . 2 Specialist 2 | . . . . . 2 Hunter 1 | . . . . . 1 Assembled 2 | . . 2 . . . Best Kill Streak 6 | 2 2 4 2 . 6 Combat Bots Only 4 | . 2 3 1 . 4 Max Kills in Single Turn 3 | 1 1 1 1 . 3 Gunslinging . | . . . . . . Exploded 1 | . . 1 1 . 1 Melee 1 | . . . . . 1 Uniques/NPCs Destroyed . | . . . . . . Combat | -11 -10 -10 -9 -9 -8 -------- Run | Yrd Mat Min Mat Min Mat Hostile Shots Fired 144 | . 14 24 8 . 98 Missed 40 | . 2 7 2 . 29 Damage Taken 1821 | . 169 231 84 . 1337 Core 688 | . 57 52 12 . 567 Absorbed by Shields . | . . . . . . Core Remaining (%) 84 | 100 . 56 . 97 . Volleys Fired 70 | 4 11 33 4 . 18 Largest 3 | 2 2 2 3 . 3 Hottest 100 | 90 90 70 100 . 80 Shots Fired 122 | 8 19 40 9 . 46 Gun 69 | 8 19 26 1 . 15 Cannon . | . . . . . . Launcher 47 | . . 8 8 . 31 Special 6 | . . 6 . . . Kinetic 15 | . . . . . 15 Thermal 60 | 8 19 32 1 . . Explosive 47 | . . 8 8 . 31 Electromagnetic . | . . . . . . Robot Hit Streak 9 | 1 8 5 5 . 9 Robot Miss Streak 6 | 6 1 5 1 . 1 Penetration Max . | . . . . . . Secondary Targets 1 | . 1 . . . . Max Gunslinging Chain 1 | . 1 . . . . Shots Hit Robots 77 | 2 14 19 7 . 35 Core Hits 57 | 3 6 13 5 . 30 Critical Kills . | . . . . . . Critical Parts Destroyed 1 | . . . . . 1 Critical Strikes 5 | . 1 . . . 4 Burn 1 | . 1 . . . . Smash 1 | . . . . . 1 Sever 3 | . . . . . 3 Melee Attacks 16 | . . . . . 16 Impact 2 | . . . . . 2 Slashing 14 | . . . . . 14 Piercing . | . . . . . . Sneak Attacks . | . . . . . . Combat Hostiles . | . . . . . . Follow-up Attacks . | . . . . . . Damage Inflicted 2390 | 37 163 362 160 . 1668 Guns 410 | 37 163 119 11 . 80 Cannons . | . . . . . . Explosions 1556 | . . 231 149 . 1176 Melee 412 | . . . . . 412 Ramming . | . . . . . . Kinetic 80 | . . . . . 80 Thermal 342 | 37 163 131 11 . . Explosive 1556 | . . 231 149 . 1176 Electromagnetic . | . . . . . . Impact 112 | . . . . . 112 Slashing 300 | . . . . . 300 Piercing . | . . . . . . Highest Corruption 6 | . . 6 . . 4 Average Corruption 4 | . . 5 . . 4 Corruption Purged . | . . . . . . Corruption Blocked . | . . . . . . Effects 13 | . . 4 . . 9 Message Errors 5 | . . 2 . . 3 Matter Fused 4 | . . 1 . . 3 Energy Discharges 2 | . . . . . 2 Data Loss (minor) 1 | . . 1 . . . Data Loss (major) 1 | . . . . . 1 Overload Shots . | . . . . . . Overflow Damage 188 | . . 17 . . 171 Projectiles . | . . . . . . Explosions 114 | . . 17 . . 97 Melee 74 | . . . . . 74 Knockbacks 1 | . . . . . 1 Impact 1 | . . . . . 1 Kinetic . | . . . . . . Secondary . | . . . . . . Self-Inflicted Damage 190 | . . . . . 190 Shots 6 | . . . . . 6 Rammed . | . . . . . . Targets Rammed . | . . . . . . Kicked . | . . . . . . Crushed . | . . . . . . Highest Temperature 232 | 60 232 18 39 . 136 Average Temperature 54 | 33 113 8 25 . 44 Received Heat Transfer 321 | . 96 . 36 . 189 Effects 3 | . 3 . . . . Interference 3 | . 3 . . . . Siege Activations . | . . . . . . Robots Corrupted . | . . . . . . Combat Hostiles . | . . . . . . Parts Fried . | . . . . . . Impact Corruptions 2 | . . . . . 2 Robots Melted . | . . . . . . Combat Hostiles . | . . . . . . Parts Melted 1 | . 1 . . . . Heat Transferred 971 | 87 484 375 25 . . Parts Sabotaged . | . . . . . . Parts Stolen . | . . . . . . Parts Stripped . | . . . . . . Power Chain Reactions . | . . . . . . Alert | -11 -10 -10 -9 -9 -8 ------- Run | Yrd Mat Min Mat Min Mat Peak Influence 353 | 10 45 265 158 61 353 Initial 98 | . . 17 98 61 23 Average 105 | 7 29 177 124 61 152 Maximum Alert Level 1 | . . 1 . . 1 Low Security (%) 86 | 100 100 61 100 100 81 Level 1 13 | . . 38 . . 18 Level 2 . | . . . . . . Level 3 . | . . . . . . Level 4 . | . . . . . . Level 5 . | . . . . . . High Security . | . . . . . . Max Security . | . . . . . . Squads Dispatched 5 | . . . . . 5 Investigation . | . . . . . . Extermination . | . . . . . . Reinforcement 5 | . . . . . 5 Assault . | . . . . . . Garrison . | . . . . . . Intercept . | . . . . . . Searches Triggered . | . . . . . . Construction Impeded . | . . . . . . Haulers Reinforced . | . . . . . . Active Scanning Responses . | . . . . . . Cargo Convoy Interrupts . | . . . . . . Stealth | -11 -10 -10 -9 -9 -8 --------- Run | Yrd Mat Min Mat Min Mat Distress Signals 1 | . . . . . 1 Communications Jammed . | . . . . . . Distress Signals . | . . . . . . Times Spotted 33 | . 3 9 2 . 19 Peak Tracking Total 4 | . 3 3 2 . 4 Tactical Retreats 5 | . . 2 . . 3 Traps | -11 -10 -10 -9 -9 -8 ------- Run | Yrd Mat Min Mat Min Mat Traps Triggered . | . . . . . . Indirectly . | . . . . . . Trap Hack Attempts . | . . . . . . Triggered . | . . . . . . Disarmed . | . . . . . . Reprogrammed . | . . . . . . Reused . | . . . . . . Traps Extracted . | . . . . . . Installed . | . . . . . . Triggered . | . . . . . . Machines | -11 -10 -10 -9 -9 -8 ---------- Run | Yrd Mat Min Mat Min Mat Machines Disabled 7 | . . 3 . . 4 Max in Single Turn 3 | . . 3 . . 1 Machines Repaired . | . . . . . . Machines Dismantled . | . . . . . . Machines Sabotaged . | . . . . . . Overloaded Fab Kills . | . . . . . . Hacking | -11 -10 -10 -9 -9 -8 --------- Run | Yrd Mat Min Mat Min Mat Machines Accessed 4 | . 2 . 1 . 1 Terminals 3 | . 1 . 1 . 1 Fabricators . | . . . . . . Repair Stations . | . . . . . . Recycling Units 1 | . 1 . . . . Scanalyzers . | . . . . . . Garrison Access . | . . . . . . Total Hacks 11 | . 6 . 3 . 2 Successful 7 | . 4 . 2 . 1 Failed 4 | . 2 . 1 . 1 Catastrophic . | . . . . . . Database Lockouts . | . . . . . . Manual . | . . . . . . Terminals 9 | . 4 . 3 . 2 Fabricators . | . . . . . . Repair Stations . | . . . . . . Recycling Units 2 | . 2 . . . . Scanalyzers . | . . . . . . Garrison Access . | . . . . . . Terminal Hacks 6 | . 3 . 2 . 1 Robot Analysis 1 | . . . 1 . . Prototype ID Bank 1 | . 1 . . . . Alert Level 1 | . 1 . . . . Maintenance Status 1 | . . . . . 1 Hauler Manifests 1 | . 1 . . . . Zone Layout 1 | . . . 1 . . Fabricator Hacks . | . . . . . . Repair Station Hacks . | . . . . . . Recycling Unit Hacks 1 | . 1 . . . . Report Inventory 1 | . 1 . . . . Scanalyzer . | . . . . . . Garrison Access Hacks . | . . . . . . Unauthorized Hacks . | . . . . . . Terminals . | . . . . . . Fabricators . | . . . . . . Repair Stations . | . . . . . . Recycling Units . | . . . . . . Scanalyzers . | . . . . . . Garrison Access . | . . . . . . Data Cores Recovered . | . . . . . . Used . | . . . . . . Hacking Detections 4 | . 2 . 1 . 1 Full Trace Events . | . . . . . . Feedback Events . | . . . . . . Feedback Blocked . | . . . . . . Robot Schematics Acquired . | . . . . . . Robots Built . | . . . . . . Authchips . | . . . . . . Time . | . . . . . . Total Robot Build Rating . | . . . . . . Part Schematics Acquired . | . . . . . . Parts Built . | . . . . . . Authchips . | . . . . . . Time . | . . . . . . Total Part Build Rating . | . . . . . . Parts Repaired . | . . . . . . Time . | . . . . . . Parts Recycled . | . . . . . . Recycled Matter . | . . . . . . Retrieved Matter . | . . . . . . Retrieved Components . | . . . . . . Parts Scanalyzed . | . . . . . . Part Schematics Acquired . | . . . . . . Parts Damaged . | . . . . . . Bothacking | -11 -10 -10 -9 -9 -8 ------------ Run | Yrd Mat Min Mat Min Mat Used RIF Installer . | . . . . . . Robots Hacked . | . . . . . . Non-combat . | . . . . . . Combat . | . . . . . . Robot Hacks Applied . | . . . . . . Relay Couplers Released . | . . . . . . Fabnet Peak Effective % . | . . . . . . Robots Rewired . | . . . . . . Allies Hacked . | . . . . . . Hacks Repelled . | . . . . . . Allies | -11 -10 -10 -9 -9 -8 -------- Run | Yrd Mat Min Mat Min Mat Total Allies . | . . . . . . Largest Group . | . . . . . . Highest-Rated Group . | . . . . . . Highest-Rated Ally . | . . . . . . Total Orders . | . . . . . . Ally Attacks . | . . . . . . Total Damage . | . . . . . . Kills . | . . . . . . Allies Corrupted . | . . . . . . Allies Melted . | . . . . . . Intel | -11 -10 -10 -9 -9 -8 ------- Run | Yrd Mat Min Mat Min Mat Robot Analysis Total 1 | . . . 1 . . Derelict Logs Recovered 2 | . . . . 2 . Drone Launches . | . . . . . . Drone Recoveries . | . . . . . . Exploration | -11 -10 -10 -9 -9 -8 ------------- Run | Yrd Mat Min Mat Min Mat Turns Passed 1976 | 473 163 308 94 96 842 Spaces Moved 853 | 109 113 192 66 106 267 Core 96 | 3 . 43 . . 50 Treads 12 | 12 . . . . . Legs . | . . . . . . Wheels 707 | 94 113 149 66 106 179 Hover . | . . . . . . Flight 38 | . . . . . 38 Fastest Speed 32 | 50 80 80 80 80 32 Average Speed 89 | 88 80 106 85 80 87 Slowest Speed 250 | 160 80 200 95 80 250 Overloaded Moves . | . . . . . . Propulsion Burnouts . | . . . . . . Robots Hopped . | . . . . . . Cave-ins Triggered 1 | . . . . . 1 Exploration Rate (%) 22 | 6 24 44 8 31 24 Regions Visited 5 Branch Regions 2 Pre-discovered Areas 1 | . . . . 1 . Known Exits Taken . | . . . . . . Unknown Exits Taken 5 | 1 1 1 1 1 . Scrap Searched 1 | . . 1 . . . Spaces Dug 10 | . . 9 . . 1 Terrain Destroyed 308 | . . 91 37 . 180 Melee 1 | . . . . . 1 Projectile . | . . . . . . AOE 307 | . . 91 37 . 179 Terrain Rammed . | . . . . . . Walls Destroyed . | . . . . . . Machines Disabled . | . . . . . . Actions | -11 -10 -10 -9 -9 -8 --------- Run | Yrd Mat Min Mat Min Mat Total 1921 | 476 166 251 94 116 818 Wait 903 | 339 37 13 18 11 485 Move 848 | 108 112 191 65 105 267 Hop . | . . . . . . Pick Up 37 | 11 5 4 3 . 14 Fast Attach 1 | . . 1 . . . Attach 29 | 8 . 4 4 . 13 Detach . | . . . . . . Swap 9 | 3 . 4 . . 2 Drop 8 | 3 1 1 . . 3 Fire 70 | 4 11 33 4 . 18 Melee 16 | . . . . . 16 Ram . | . . . . . . Kick . | . . . . . . Crush . | . . . . . . Escape Stasis . | . . . . . . Rewire . | . . . . . . Trap . | . . . . . . Miscellaneous . | . . . . . . Route ------- -11/Scrapyard -10/Materials -10/Mines -9/Materials -9/Mines -8/Materials (discovered 1 exit: [*Fac]) History --------- Turn | Location | Event 12 | -11/Scrapyard | Discovered new exit (range 16) 474 | -11/Scrapyard | Entered Materials 475 | -10/Materials | Build established: Mutant 588 | -10/Materials | Discovered new exit (range 16) 637 | -10/Materials | Entered Mines 837 | -10/Mines | Assembled infested the area 889 | -10/Mines | Lost 4 parts (1n1u2w) 894 | -10/Mines | Discovered new exit (range 16) 945 | -10/Mines | Entered Materials 945 | -9/Materials | Evolved 2 slots: Utility x1, Weapon x1 985 | -9/Materials | Discovered new exit (range 14) 1039 | -9/Materials | Entered Mines 1051 | -9/Mines | Learned location of 1 exit from Proximity Caves 1092 | -9/Mines | Met a Derelict bent on vengeance 1093 | -9/Mines | Learned location of Storage (-8) 1117 | -9/Mines | Discovered new exit (range 14) 1129 | -9/Mines | Learned Materials stockpile data 1135 | -9/Mines | Entered Materials 1135 | -8/Materials | Evolved 2 slots: Power x1, Utility x1 1301 | -8/Materials | Build established: Scavenger-Skirmisher 1465 | -8/Materials | Lost 7 parts (2p2n1u2w) 1491 | -8/Materials | Crushed by falling debris 1491 | -8/Materials | Core integrity fell below 50% 1522 | -8/Materials | Lost 3 parts (1p1u1w) 1723 | -8/Materials | Build established: Mutant 1949 | -8/Materials | Discovered new exit (range 15) 1951 | -8/Materials | Core integrity fell below 20% 1977 | -8/Materials | Destroyed by C-17 Slicer with Blade Saw Last Messages --------------- ALERT: Suspicious intruders detected, dispatching Cutter reinforcements to area. Acquired Surge Thruster. Acquired 9 matter. Acquired Surge Thruster. EXIT=FOUND Knocked back. The Surge Thruster is "overloadable", activating it again increases its output for additional resource costs, and may damage the unit. See Burnout stat context help for more info. Surge Thruster destroyed. Knocked back. Acquired Great Maul. C-17 Slicer destroyed. C-17 Slicer suffers critical hit (Smash). Destroyed Surge Thruster. C-17 Slicer system corrupted by crushing effect. C-17 Slicer knocked back. Map ----- +----------------------------------------------------+ | ????? # """??????????????????????????## | | ????? + ???????????????????????????## | | ????? # ???????????????????????????## | | ????? # ?????????????????######+#### | | ????? ## ###########?????????????????#### ## | | ??????## # ##???????????????????## T | | ??????## # ##???????????????????## "" | | ?????? # + ##???????????????????## | | ?????? # # ##?????????############ ## | | ?????? # # ##????################### #### | | ?????? # # ##????####### ####### #### | | ?????? ##### ######## # ## | | ?????? ##### ######## #### | | ??????????## + #### | | ???????##########+######### # ## | | ???????########## ######### #### | | ??????## + | | ??????## # | | ??????## # | | ??????## ##+#### | | ??????## #########+##### #### ## | | ??????????? # ############### ## | | ??????????? # ############### ##### | | ???????????## """ """ !c##???????????## ##### | | ???????????## """"""""" c%##???????????## ##??? | | ???????????## """"" @##???????????## ##??? | | ????????????#= ##???????????## ##??? | | ????????????################????????????#######??? | | | | | | | | | | | | | | | | | | | | | | | | | | | | | | | | | | | | | | | | | | | | | +----------------------------------------------------+ Best States ------------- Heat Dissipation 31 Energy Generation 23 Energy Capacity 335 Matter Stores 300 Matter Capacity 300 Sight Range 16 Robot Scan Range 15 Terrain Scan Range 16 Terrain Scan Density 85 Evasion (%) 63 Targeting Accuracy 5 Recoil Reduction 2 Item Schematics ----------------- None Robot Schematics ------------------ None Fabricated ------------ Nothing Alien Tech Used ----------------- None Achievements -------------- I Survived The Infestation Part-time Excavator Challenges ------------ None Game ------ Seed FlakAdvancedSteel Manual? 0 Play Time 00:28:15 Cumulative 16.8 hours Start 2024.11.21 @ 11:43:35 End 2024.11.21 @ 12:11:47 Sessions 1 Manual Loads 0 Difficulty Rogue Special Mode None Game No. 31 Rogue 31 Adventurer 0 Explorer 0 Win Type - Total 0 Types 0/0/0/0/0/0/0/0/0 Lore% 13 Gallery% 22 Achievement% 18 Wizard Run 0 Options --------- Layout 1 ASCII 0 Keyboard 0 Movement Mouse Keybinds 0 Fullscreen 1 Font 24/Smallcaps Map View 50x35 Zoom Use 0% Tactical HUD 0 Map Filters NONE Filters NONE Steam X RUN: b5dca638-1361-4cce-83b6-71022b69fc11